 Dungeon Crawl Stone Soup version 0.19.0-19-g8c6edcc (webtiles) character file.

1327 kroki the Basher (level 8, 55/70 HPs)
             Began as a Pale Draconian Berserker on Nov 15, 2016.
             Was an Elder of Trog.
             Quit the game on level 5 of the Dungeon.
             The game lasted 00:04:00 (5575 turns).

kroki the Basher (Pale Draconian Berserker)         Turns: 5575, Time: 00:04:01

Health: 55/70      AC:  9    Str: 20    XL:     8   Next: 34%
Magic:  8/8        EV: 14    Int:  8    God:    Trog [****..]
Gold:   166        SH:  0    Dex: 12    Spells: 0 memorised, 7 levels left

rFire  . . .     SeeInvis .     a - +0 mace
rCold  . . .     Gourm    .     (armour unavailable)
rNeg   + . .     Faith    .     (no shield)
rPois  .         Spirit   .     (helmet restricted)
rElec  .         Reflect  .     m - +0 cloak
rCorr  .         Harm     .     (no gloves)
MR     .....                    f - +1 pair of boots
Stlth  +.........               (no amulet)
                                (no ring)
                                g - ring of positive energy {rN+}

@: no status effects
A: breathe steam, unfitting armour, cold-blooded, AC +6
a: Breathe Steam, Berserk, Trog's Hand, Brothers in Arms, Burn Spellbooks,
Renounce Religion


You were on level 5 of the Dungeon.
You worshipped Trog.
Trog was greatly pleased with you.
You were not hungry.

You visited 1 branch of the dungeon, and saw 5 of its levels.

You collected 166 gold pieces.

Inventory:

Hand Weapons
 a - a +0 mace (weapon)
Armour
 f - a +1 pair of boots (worn)
   (You found it on level 1 of the Dungeon)
 m - a +0 cloak (worn)
   (You took it off Crazy Yiuf on level 3 of the Dungeon)
Jewellery
 g - a ring of positive energy (left hand) {rN+}
   (You found it on level 3 of the Dungeon)
 p - an uncursed ring of poison resistance {unknown}
   (You found it on level 4 of the Dungeon)
Scrolls
 d - 2 scrolls of teleportation
 e - 11 scrolls of identify
 h - a scroll of remove curse {unknown}
 j - a scroll of recharging {unknown}
 r - a scroll of enchant weapon {unknown}
 s - a scroll of fear {unknown}
Potions
 c - 3 potions of curing {unknown}
 i - 4 potions of degeneration {!q}
 k - a potion of haste
 l - 2 potions of agility
 n - a potion of brilliance {unknown}
 o - a potion of flight {unknown}
 q - a potion of magic {unknown}
Comestibles
 b - a bread ration {@e1}
 t - 11 chunks of flesh {@w0}


   Skills:
 + Level 6.0 Fighting
 * Level 8.4 Maces & Flails
 + Level 5.0 Dodging


You had 7 spell levels left.
You didn't know any spells.

Dungeon Overview and Level Annotations

Branches:
Dungeon (5/15)
 Temple: D:4-7

Altars:
Ashenzari
Cheibriados
Fedhas
Hepliaklqana
Nemelex Xobeh
Okawaru
Ru
Trog
Zin
The Shining One

Annotations:
D:5 Menkaure


Innate Abilities, Weirdness & Mutations

You can breathe blasts of scalding, opaque steam.
Your pale cyan-grey scales are hard. (AC +6)
You cannot fit into any form of body armour.
You are cold-blooded and may be slowed by cold attacks.


Message History

An orc is nearby!
You hit the orc. The orc closely misses you.
An orc is nearby!
You barely miss the orc.
You tail-slap the orc, but do no damage.
The orc barely misses you.
You take 1 damage, and have 69/70 hp.
An orc is nearby!
You hit the orc.
You kill the orc!
Trog accepts your kill.
Items here: ))) [[ †††† Health restored: 70 You butcher the orc corpse.
t - 2 chunks of flesh {@w0} You butcher the orc corpse.
t - 4 chunks of flesh {@w0} (gained 2)
You butcher the orc corpse.
t - 7 chunks of flesh {@w0} (gained 3)
You butcher the orc corpse.
t - 11 chunks of flesh {@w0} (gained 4)
Items here: ))) [[ ÷÷÷ x2
Found a stone staircase leading up.
Items here: ))) [[ ÷÷÷ A centaur comes into view.
The centaur shouts!
The centaur wields a shortbow.
The centaur shoots an arrow.
The arrow misses you.
You see here an arrow.
The centaur shoots an arrow.
The arrow hits you but does no damage.
A centaur is nearby!
The centaur shoots an arrow.
The arrow hits you.
The centaur shoots an arrow.
The arrow barely misses you.
A hound zombie comes into view.
There are monsters nearby!
The centaur shoots an arrow.
The arrow closely misses you.
There are monsters nearby!
The centaur shoots an arrow.
The arrow hits you!
There are monsters nearby!
You are too injured to fight recklessly!
There are monsters nearby!
You are too injured to fight recklessly!
There are monsters nearby!
You are too injured to fight recklessly!
There are monsters nearby!
You are too injured to fight recklessly!
There are monsters nearby!
You are too injured to fight recklessly!
There are monsters nearby!
You are too injured to fight recklessly!
There are monsters nearby!
You are too injured to fight recklessly!
There are monsters nearby!
You are too injured to fight recklessly!
There are monsters nearby!
You are too injured to fight recklessly!
There are monsters nearby!
You are too injured to fight recklessly!
There are monsters nearby!
You are too injured to fight recklessly!
There are monsters nearby!
You are too injured to fight recklessly!
There are monsters nearby!
You are too injured to fight recklessly!
There are monsters nearby!
You are too injured to fight recklessly!
There are monsters nearby!
You are too injured to fight recklessly!
There are monsters nearby!
You are too injured to fight recklessly!
There are monsters nearby!
You are too injured to fight recklessly!
There are monsters nearby!
You are too injured to fight recklessly!
There are monsters nearby!
You are too injured to fight recklessly!
There are monsters nearby!
You are too injured to fight recklessly!
There are monsters nearby!
You are too injured to fight recklessly!
There are monsters nearby!
You are too injured to fight recklessly!
There are monsters nearby!
You are too injured to fight recklessly!
There are monsters nearby!
You are too injured to fight recklessly!
There are monsters nearby!
You are too injured to fight recklessly!
There are monsters nearby!
You are too injured to fight recklessly!
There are monsters nearby!
You are too injured to fight recklessly!
There are monsters nearby!
You are too injured to fight recklessly!
There are monsters nearby!
You are too injured to fight recklessly!
There are monsters nearby!
You are too injured to fight recklessly!
You take 15 damage, and have 55/70 hp.
MASSIVE DAMAGE!!

#..##
#.#...............##
..##
###.#................#
.##
......................
## #...........##...##
# #.......#####..### #
#.####### ...## #.##
..## ##.# .# #@#
........# ........[
.......... ..........#
.........## .Z...c...#
....!....#


You could see a centaur and a hound zombie.

Vanquished Creatures
  Sigmund (D:5)
  Edmund (D:5)
  4 ogres
  Blork the orc (D:5)
  2 crimson imps (D:5)
  2 orc priests
  Crazy Yiuf (D:3)
  7 orc wizards
  A centaur skeleton (D:5)
  Natasha (thrice) (D:3)
  A hound skeleton (D:4)
  4 adders
  A howler monkey skeleton (D:4)
  2 oozes
  An adder skeleton (D:4)
  2 worms
  3 dart slugs
  2 leopard geckos (D:3)
  19 orcs
  5 giant cockroaches
  7 goblins
  2 hobgoblins (D:3)
  4 jackals
  3 quokkas
  7 bats
  3 frilled lizards
  A jackal skeleton (D:5)
  7 kobolds
  A leopard gecko zombie (D:5)
  9 rats
107 creatures vanquished.

Notes
Turn   | Place    | Note
-------+----------+-------------------------------------------
     0 | D:1      | kroki the Draconian Berserker began the quest for the Orb.
     0 | D:1      | Reached XP level 1. HP: 19/19 MP: 1/1
   272 | D:1      | Reached XP level 2. HP: 25/26 MP: 2/2
   621 | D:1      | Reached skill level 4 in Maces & Flails
   971 | D:2      | Found a snail-covered altar of Cheibriados.
  1001 | D:2      | Reached XP level 3. HP: 14/31 MP: 3/3
  1353 | D:2      | Found a blossoming altar of Fedhas.
  1472 | D:2      | Reached ** piety under Trog
  1863 | D:3      | HP: 6/31 [orc/mace (2)]
  2318 | D:3      | Reached XP level 4. HP: 38/38 MP: 4/4
  2465 | D:3      | Found a runed door.
  2505 | D:3      | Noticed Natasha
  2517 | D:3      | Killed Natasha
  2517 | D:3      | Reached skill level 5 in Maces & Flails
  2813 | D:3      | Found a glowing golden altar of the Shining One.
  2822 | D:3      | Noticed Natasha
  2824 | D:3      | Found a sacrificial altar of Ru.
  2838 | D:3      | Killed Natasha
  2838 | D:3      | Reached skill level 3 in Dodging
  2838 | D:3      | Noticed Natasha
  2850 | D:3      | Killed Natasha
  2850 | D:3      | Reached XP level 5. HP: 34/46 MP: 5/5
  3034 | D:3      | Found a shattered altar of Ashenzari.
  3046 | D:3      | Found a glowing silver altar of Zin.
  3186 | D:3      | Found an iron altar of Okawaru.
  3359 | D:3      | Noticed Crazy Yiuf
  3363 | D:3      | Killed Crazy Yiuf
  3484 | D:3      | Reached skill level 4 in Fighting
  3603 | D:4      | Found a bloodstained altar of Trog.
  3646 | D:4      | Reached *** piety under Trog
  3838 | D:4      | Reached XP level 6. HP: 39/52 MP: 6/6
  3848 | D:4      | Reached skill level 6 in Maces & Flails
  4150 | D:4      | Found a shattered altar of Ashenzari.
  4198 | D:4      | Your scales start taking on a pale cyan-grey colour.
  4198 | D:4      | Reached XP level 7. HP: 60/60 MP: 7/7
  4329 | D:4      | Reached skill level 4 in Dodging
  4335 | D:4      | Reached skill level 5 in Fighting
  4335 | D:4      | Reached skill level 7 in Maces & Flails
  4466 | D:4      | Found a sparkling altar of Nemelex Xobeh.
  4610 | D:4      | Found a hazy altar of Hepliaklqana.
  4686 | D:5      | Entered Level 5 of the Dungeon
  4759 | D:5      | Noticed Blork the orc
  4774 | D:5      | Killed Blork the orc
  5150 | D:5      | Reached **** piety under Trog
  5195 | D:5      | Noticed Edmund
  5207 | D:5      | Killed Edmund
  5316 | D:5      | Noticed Sigmund
  5321 | D:5      | Reached XP level 8. HP: 69/69 MP: 8/8
  5325 | D:5      | Killed Sigmund
  5325 | D:5      | Reached skill level 8 in Maces & Flails
  5326 | D:5      | Noticed Menkaure
  5393 | D:5      | Reached skill level 5 in Dodging
  5459 | D:5      | Reached skill level 6 in Fighting
  5575 | D:5      | Quit the game

Skill      XL: |  1  2  3  4  5  6  7  8 |
---------------+-------------------------+-----
Maces & Flails | 4 5 6 7 8 |  8.4
Dodging        | 3 4 5 |  5.0
Fighting       | 4 5 6 |  6.0

Action                   |  1- 3 |  4- 6 |  7- 9 || total
-------------------------+-------+-------+-------++-------
Melee: Mace              |   126 |   185 |   106 ||   417
       Tailslap          |    16 |    18 |    18 ||    52
Invok: Berserk           |     3 |     8 |     3 ||    14
  Use: Scroll            |    10 |     1 |       ||    11
 Stab: Distracted        |       |     1 |     1 ||     2
  Eat: Chunk             |     2 |     6 |     4 ||    12
       Meat ration       |     1 |       |       ||     1
       Beef jerky        |     1 |       |       ||     1
       Bread ration      |       |     1 |     1 ||     2
Armor: Skin              |    38 |    79 |    19 ||   136
Dodge: Dodged            |    74 |   160 |    52 ||   286

Vault maps used:
D:1:      lightli_arrival_chessboard, minivault_26
D:2:      cheibriados_altar_1, first_bread, fedhas_altar_2
D:3:      nicolae_overflow_quartered_altars, okawaru_ov_weapons_minmay,
          uniq_crazy_yiuf_cottage, uniq_natasha
D:4:      lemuel_round_altar, nemelex_xobeh_ov_fountains_minmay, bloody_trog,
          hex_large, ashenzari_altar_1
D:5:      minmay_a_box_with_orc_wizards_in_it, uniq_edmund, uniq_blork_the_orc,
          uniq_menkaure, uniq_sigmund

Table legend:
 A = Turns spent in this place as a percentage of turns spent in the entire game.
 B = Non-inter-level travel turns spent in this place as a percentage of non-inter-level travel turns spent in the entire game.
 C = Inter-level travel turns spent in this place as a percentage of turns spent in this place.
 D = Turns resting spent in this place as a percentage of non-inter-level travel turns spent in this place.
 E = Turns spent auto-exploring this place as a percentage of non-inter-level travel turns spent in this place.
 F = Non-inter-level travel turns spent in this place divided by the number of levels of this place that you've seen.
                   A       B       C       D       E      F
               +-------+-------+-------+-------+-------+----------------------
         Total | 100.0 | 100.0 |   0.4 |   2.0 |  14.9 | 519.2
       Dungeon | 100.0 | 100.0 |   0.4 |   2.0 |  14.9 | 519.2
               +-------+-------+-------+-------+-------+----------------------

Table legend:
 A = Kills in this place as a percentage of kills in entire the game.
 B = Kills by you in this place as a percentage of kills by you in the entire game.
 C = Kills by friends in this place as a percentage of kills by friends in the entire game.
 D = Other kills in this place as a percentage of other kills in the entire game.
 E = Experience gained in this place as a percentage of experience gained in the entire game.
 F = Experience gained in this place divided by the number of levels of this place that you have seen.
                   A       B       C       D       E      F
               +-------+-------+-------+-------+-------+----------------------
         Total | 100.0 | 100.0 |  -nan |  -nan | 100.0 | 379.2
       Dungeon | 100.0 | 100.0 |  -nan |  -nan | 100.0 | 379.2
               +-------+-------+-------+-------+-------+----------------------
